 Dungeon Crawl Stone Soup version 0.31-a0-1-g4198be8af4 (webtiles) character file.

Game seed: 11428040757280096539

588 greynaab the Conjurer (level 7, -9/36 HPs)
             Began as a Gargoyle Conjurer on May 1, 2023.
             Was a Priest of Vehumet.
             Mangled by a troll (11 damage)
             ... on level 6 of the Dungeon.
             The game lasted 00:15:22 (5421 turns).

greynaab the Conjurer (Gargoyle Conjurer)           Turns: 5421, Time: 00:15:22

Health: -9/36      AC:  8    Str: 10    XL:     7   Next: 38%
Magic:  5/13       EV: 11    Int: 21    God:    Vehumet [***...]
Gold:   162        SH:  0    Dex:  8    Spells: 7/15 levels left

rFire   . . .        a - +2 short sword (elec)
rCold   . . .        (no shield)
rNeg    + . .        c - +0 robe
rPois   ∞            (no helmet)
rElec   +            (no cloak)
rCorr   .            (no gloves)
SInv    .            v - +1 pair of boots
Will    .....        (no amulet)
Stlth   ++           p - ring of wizardry
HPRegen 0.26/turn    D - ring of wizardry
MPRegen 0.13/turn

%: wizardry (x2)
@: no status effects
A: sickness immunity, AC +4, negative energy resistance 1, electricity
resistance, torment resistance 1, petrification resistance
a: Renounce Religion


You were on level 6 of the Dungeon.
You worshipped Vehumet.
Vehumet was most pleased with you.
You visited 1 branch of the dungeon, and saw 6 of its levels.

You collected 162 gold pieces.

Inventory:

Hand Weapons
 a - a +2 short sword of electrocution (weapon)
 b - a +0 sling
 i - a +0 broad axe
 w - a +0 spear
Missiles
 k - 18 poisoned darts
 G - a throwing net
Armour
 c - a +0 robe (worn)
 v - a +1 pair of boots (worn)
Magical Staves
 o - a staff of fire
Jewellery
 p - a ring of wizardry (left hand)
 s - an amulet of guardian spirit
 D - a ring of wizardry (right hand)
Wands
 r - a wand of mindburst (15)
 z - a wand of paralysis (22)
Scrolls
 e - 2 scrolls of enchant weapon
 g - a scroll of fog
 h - 2 scrolls of teleportation
 j - a scroll of amnesia
 l - 4 scrolls of brand weapon
 m - 4 scrolls of fear
 n - a scroll of vulnerability
 q - a scroll of blinking
 y - a scroll of poison
 E - a scroll of magic mapping {unknown}
Potions
 d - a potion of magic
 f - 2 potions of haste
 t - a potion of brilliance
 u - 3 potions of cancellation {unknown}
 x - 3 potions of curing {unknown}
 A - a potion of attraction {unknown}
 C - 2 potions of mutation {unknown}


   Skills:
 - Level 1.5 Dodging
 - Level 2.1 Stealth
 + Level 4.6 Spellcasting
 + Level 6.6 Conjurations
 - Level 3.3 Hexes
 + Level 0.8 Poison Magic


You had 7 spell levels left.
You knew the following spells:

 Your Spells              Type           Power      Damage    Failure   Level
a - Magic Dart            Conj           100%       1d8       1%          1
b - Searing Ray           Conj           64%        2d6       1%          2
c - Dazzling Flash        Conj/Hex       50%        N/A       1%          3
d - Poisonous Vapours     Pois/Air       12%        N/A       1%          2

Your spell library contained the following spells:

 Spells                   Type           Power      Damage    Failure   Level
 Scorch                   Fire           8%         2d5       2%          2
 Kiss of Death            Conj/Necr      72%        2d10      1%          1
 Fulminant Prism          Conj/Hex       12%        3d8       1%          4
 Confusing Touch          Hex            18%        N/A       2%          3
 Iskenderun's Mystic Bla  Conj/Tloc      18%        2d6       3%          4
 Wereblood                Tmut           4%         N/A       4%          2
 Vhi's Electric Charge    Tloc/Air       8%         N/A       10%         3
 Arcjolt                  Conj/Air       9%         1d19      10%         5
 Dispel Undead            Necr           4%         3d7       28%         4
 Summon Hydra             Summ           2%         N/A       100%        7
 Maxwell's Capacitive Co  Air            2%         ∞         100%        8
 Sublimation of Blood     Necr           Unusable   N/A       N/A         2

Dungeon Overview and Level Annotations

Branches:
Dungeon (6/15) Zot: 26796  Temple (0/1) D:4

Altars:
Nemelex Xobeh
Ru
Trog
Uskayaw
Vehumet

Shops:
D:2 (   D:5 (


Innate Abilities, Weirdness & Mutations

You are immune to sickness and miasma.
Your stone body is resilient. (AC +4)
You are immune to poison.
You resist negative energy. (rN+)
You are resistant to electric shocks. (rElec)
You are resistant to unholy torment.
You are immune to petrification.


Message History

The troll moves out of view.
A troll opens the door.
Unknown command.
Unknown command.
Casting: Magic Dart (safe; 1% risk of failure)
Confirm with . or Enter, or press ? or * to list all spells.
Aiming: Poisonous Vapours (safe; 1% risk of failure)
Press: ? - help, Dir - move target, f - troll
Aim: a troll
Okay, then.
Unknown command.
Unknown command.
Casting: Poisonous Vapours (safe; 1% risk of failure)
Confirm with . or Enter, or press ? or * to list all spells.
Aiming: Poisonous Vapours (safe; 1% risk of failure)
Press: ? - help, Dir - move target, f - troll
Aim: a troll Poisonous vapours surround the troll!
The troll is poisoned.
Casting: Poisonous Vapours (safe; 1% risk of failure)
Confirm with . or Enter, or press ? or * to list all spells.
Aiming: Poisonous Vapours (safe; 1% risk of failure)
Press: ? - help, Dir - move target, f/p - troll
Aim: a troll (poisoned) Poisonous vapours surround the troll!
The troll looks even sicker.
Casting: Poisonous Vapours (safe; 1% risk of failure)
Confirm with . or Enter, or press ? or * to list all spells.
Aiming: Searing Ray (safe; 1% risk of failure)
Press: ? - help, Shift-Dir - straight line, f/p - troll
Aim: a troll (very poisoned, 81% to hit)
The searing ray hits the troll.
The troll is lightly wounded. (Press . to maintain the ray.)
The searing ray misses the troll.
The troll bites you! The troll claws you! The troll closely misses you.
The searing ray hits the troll.
The troll is moderately wounded.
The troll bites you!
* * * LOW HITPOINT WARNING * * *
The troll barely misses you. The troll claws you!
You die...

..8.....#####
.⌠.T'##T.##.##
8.8 #....#.# .
#..#..##
...#....#
#############
#.##.##.#.#
#............ #.
#.#.#
#.########### #.
#.#T# #.# # #.
#.#@# #.# # #.#.#
#.# # #.#.# #.# #
.##.###.#.####.##
#
....†.........#.#
#
#.#####)#.......#
# #)#######.# #
#.) #.# # ####
#.# #


You could see a troll (very poisoned).

Vanquished Creatures
  A kobold brigand (D:6)
  A scorpion (D:5)
  A jelly (D:5)
  4 hounds
  A gnoll bouda (D:4)
  2 iguanas (D:5)
  3 gnolls (D:5)
  9 adders
  A shadow imp (D:5)
  3 ufetubi (D:5)
  4 worms
  2 dart slugs
  8 orcs
  8 bats
  2 endoplasms
  2 giant cockroaches
  3 goblins
  3 hobgoblins
  5 jackals
  3 quokkas
  7 ball pythons
  9 frilled lizards
  12 kobolds
  5 rats
99 creatures vanquished.

Notes
Turn   | Place    | Note
-------+----------+-------------------------------------------
     0 | D:1      | greynaab the Gargoyle Conjurer began the quest for the Orb.
     0 | D:1      | Reached XP level 1. HP: 10/10 MP: 3/3
   365 | D:1      | Reached XP level 2. HP: 15/15 MP: 0/5
   368 | D:1      | Learned a level 2 spell: Searing Ray
  1003 | D:2      | Found a faded altar of an unknown god.
  1009 | D:2      | Prayed at the altar of an unknown god.
  1009 | D:2      | Became a worshipper of Vehumet
  1009 | D:2      | Reached * piety under Vehumet
  1009 | D:2      | Offered knowledge of Kiss of Death by Vehumet.
  1214 | D:2      | Reached XP level 3. HP: 19/19 MP: 4/6
  1218 | D:2      | Learned a level 3 spell: Dazzling Flash
  1461 | D:2      | Reached skill level 5 in Conjurations
  1568 | D:2      | Found Kucie's Weapon Boutique.
  2028 | D:3      | Reached skill level 1 in Hexes
  2028 | D:3      | Reached XP level 4. HP: 24/24 MP: 4/8
  2360 | D:3      | Reached ** piety under Vehumet
  2360 | D:3      | Offered knowledge of Poisonous Vapours by Vehumet.
  2364 | D:3      | Learned a level 2 spell: Poisonous Vapours
  2730 | D:4      | Found a radiant altar of Vehumet.
  2734 | D:4      | Reached XP level 5. HP: 28/28 MP: 5/9
  2778 | D:4      | Found a hide-covered altar of Uskayaw.
  3150 | D:4      | Found a staircase to the Ecumenical Temple.
  3523 | D:4      | Reached XP level 6. HP: 32/32 MP: 6/11
  3688 | D:4      | Found a bloodstained altar of Trog.
  3862 | D:5      | Entered Level 5 of the Dungeon
  4072 | D:5      | Found a sacrificial altar of Ru.
  4167 | D:5      | Reached skill level 6 in Conjurations
  4384 | D:5      | Offered knowledge of Scorch by Vehumet.
  4873 | D:5      | Reached XP level 7. HP: 36/36 MP: 4/13
  4940 | D:5      | Found Ilon's Weapon Emporium.
  5244 | D:6      | Found a sparkling altar of Nemelex Xobeh.
  5317 | D:6      | Reached *** piety under Vehumet
  5406 | D:6      | Noticed a troll
  5421 | D:6      | Mangled by a troll

Illustrated notes

Levels and vault maps discovered:
D:1:      wheals_arrival_linesprint, layout_basic, serial_bayou_pond_a,
          minmay_door_square
D:2:      layout_basic, serial_shops, nicolae_shop_tiny_glass,
          dreamdust_ecumenical_altar_statues
D:3:      layout_basic, st_stairs_10
D:4:      minmay_inner_zag, layout_loops_ring, trog_antimagical,
          mainiacjoe_overflow_large_starburst, minmay_temple_entry_slanted
D:5:      layout_loops_ring, nicolae_ru_the_path_less_chosen, serial_shops,
          nicolae_shop_crystal
D:6:      layout_loops_ring, nemelex_xobeh_ov_fountains_minmay,
          marbit_many_paths, serial_shops, shop, hellmonk_guarded_unrand_lears

Skill      XL: |  1  2  3  4  5  6 |
---------------+-------------------+-----
Conjurations   | 5 6 |  6.6
Spellcasting   | 3 4 |  4.6
Hexes          | 1 2 3 |  3.3
Dodging        | |  1.5
Stealth        | |  2.1
Poison Magic   | |  0.8

Action                     |  1- 3 |  4- 6 |  7- 9 || total
---------------------------+-------+-------+-------++-------
  Melee: Short sword       |    14 |    20 |     3 ||    37
   Fire: Sling             |     1 |     3 |       ||     4
   Cast: Magic Dart        |    65 |    97 |    18 ||   180
         Searing Ray       |     1 |    11 |     2 ||    14
         Poisonous Vapours |       |    16 |     2 ||    18
    Use: Scroll            |     1 |    11 |     2 ||    14
 Armour: Robe              |    14 |    19 |     1 ||    34
  Dodge: Dodged            |    12 |    34 |     6 ||    52

Table legend: (Time is in decaauts)
 A = Elapsed time spent in this place.
 B = Non-inter-level travel time spent in this place.
 C = Inter-level travel time spent in this place.
 D = Time resting spent in this place.
 E = Time spent auto-exploring this place.
 F = Levels seen in this place.
 G = Mean time per level.
                   A        B        C        D        E       F      G
               +--------+--------+--------+--------+--------+-----+--------+
         Total |   5422 |   5291 |    131 |    316 |   4286 |   6 |  903.7 |
       Dungeon |   5422 |   5291 |    131 |    316 |   4286 |   6 |  903.7 |
               +--------+--------+--------+--------+--------+-----+--------+

Top non-repeatable levels by time:
     D:5: 1355 daAuts
     D:4: 1131 daAuts
     D:1: 1004 daAuts
     D:2: 995 daAuts
     D:3: 732 daAuts
     D:6: 202 daAuts
